 Dungeon Crawl Stone Soup version 0.30.1-3-gfc49f6343a (webtiles) character file.

Game seed: 4558950703655766046

60 Almogavar the Trooper (level 4, -3/40 HPs)
             Began as a Hill Orc Fighter on Aug 4, 2023.
             Slain by an orc priest
             ... wielding a +0 club
              (5 damage)
             ... on level 3 of the Dungeon.
             The game lasted 00:03:16 (1521 turns).

Almogavar the Trooper (Hill Orc Fighter)            Turns: 1521, Time: 00:03:16

Health: -3/40      AC:  7    Str: 20    XL:     4   Next: 6%
Magic:  4/4        EV:  9    Int:  8    God:
Gold:   113        SH:  4    Dex: 10    Spells: 3/3 levels left

rFire   . . .        a - +0 war axe
rCold   . . .        c - +0 buckler
rNeg    . . .        b - +0 scale mail
rPois   .            (no helmet)
rElec   .            (no cloak)
rCorr   .            (no gloves)
SInv    .            (no boots)
Will    .....        (no amulet) Stlth
                     (no ring)
HPRegen 0.26/turn    (no ring)
MPRegen 0.09/turn

%: no passive effects
@: brilliant, attractive
A: no striking features
a: Convert to Beogh


You were on level 3 of the Dungeon.
You visited 1 branch of the dungeon, and saw 3 of its levels.

You collected 113 gold pieces.

Inventory:

Hand Weapons
 a - a +0 war axe (weapon)
Armour
 b - a +0 scale mail (worn)
 c - a +0 buckler (worn)
 i - a +0 chain mail
 l - the +1 robe of the Hart {rPois Regen+ Str-3 SInv}
   (You found it on level 2 of the Dungeon)

   Str:       It affects your strength (-3).
   rPois:     It protects you from poison.
   SInv:      It lets you see invisible.
   Regen:     It increases your rate of health regeneration.
Jewellery
 p - an amulet of magic regeneration
Scrolls
 g - a scroll of brand weapon {unknown}
 j - a scroll of enchant armour {unknown}
 k - a scroll of identify {unknown}
 m - a scroll of enchant weapon {unknown}
 n - a scroll of fear {unknown}
Potions
 d - 3 potions of might
 f - a potion of heal wounds {unknown}
 h - a potion of brilliance
 o - a potion of curing {unknown}


   Skills:
 + Level 4.3 Fighting
 + Level 3.6 Axes
 + Level 3.9 Armour
 - Level 0.1 Dodging
 + Level 3.8 Shields


You had 3 spell levels left.
You didn't know any spells.
Your spell library was empty.

Dungeon Overview and Level Annotations

Branches:
Dungeon (3/15)

Altars:


Message History

The hobgoblin shouts!
You hit the orc priest.
The orc priest shouts, "Surrender to Beogh and we'll let you live!"
The orc priest is moderately wounded.
The orc priest mumbles some strange prayers to Beogh against you.
Pain shoots through your body!
You closely miss the orc priest.
The orc priest is moderately wounded.
The orc priest hits you with a +0 club.
A kobold comes into view. It is wielding a +0 dagger.
You closely miss the orc. You hit the orc.
The orc is lightly wounded.
The orc barely misses you.
The orc priest begins to cast a cantrip, but forgets the words!
The orc hits you with a +0 hand axe.
You slash the orc!
You kill the orc!
You hit the orc priest but do no damage.
The orc priest is moderately wounded.
The orc priest invokes the aid of Beogh against you.
Beogh smites you!
* * * LOW HITPOINT WARNING * * *
You hit the orc priest.
The orc priest is heavily wounded.
The orc priest closely misses you.
The orc priest casts a cantrip, but nothing happens.
The orc priest hits you but does no damage.
The orc priest mumbles some strange prayers to Beogh against you.
Beogh smites you!
* * * LOW HITPOINT WARNING * * *
It was a potion of brilliance.
You feel clever all of a sudden. The orc priest hits you with a +0 club.
* * * LOW HITPOINT WARNING * * *
It was a potion of attraction.
You feel attractive to monsters.
The orc priest shouts, "Surrender to Beogh and we'll let you live!"
The orc priest hits you with a +0 club.
You die...

#..# #..# #..#
#..#
..o###########..#
#.Kgooo@....##..#
###########.##..#
#.##..## #.##...##
########.#...#.###
#....†...........#
#.######.#..#..#.#
#.#....##.#
##.#.#.....#


You could see 2 orc priests, 2 orcs, a hobgoblin and a kobold.

Vanquished Creatures
  A gnoll (D:1)
  A worm (D:3)
  2 dart slugs (D:3)
  An orc (D:3)
  6 ball pythons
  4 bats (D:2)
  An endoplasm (D:1)
  A giant cockroach (D:2)
  4 goblins
  4 hobgoblins
  4 jackals (D:1)
  3 quokkas
  2 frilled lizards
  3 kobolds
  4 rats (D:1)
41 creatures vanquished.

Notes
Turn   | Place    | Note
-------+----------+-------------------------------------------
     0 | D:1      | Almogavar the Hill Orc Fighter began the quest for the Orb.
     0 | D:1      | Reached XP level 1. HP: 19/19 MP: 1/1
   140 | D:1      | Reached XP level 2. HP: 27/27 MP: 2/2
   346 | D:1      | Reached skill level 4 in Fighting
   346 | D:1      | Reached XP level 3. HP: 3/33 MP: 3/3
   837 | D:2      | Identified the +1 robe of the Hart {rPois Regen+ Str-3
                  | SInv}
  1485 | D:3      | Reached XP level 4. HP: 37/40 MP: 4/4
  1520 | D:3      | HP: 1/40 [orc priest/+0 club (2)]
  1521 | D:3      | Slain by an orc priest

Illustrated notes

Levels and vault maps discovered:
D:1:      minmay_arrival_four_houses, layout_basic
D:2:      layout_loops_ring
D:3:      layout_loops_ring, serial_shops, shop, chequers_jeans

Skill      XL: |  1  2 |
---------------+-------+-----
Axes           | 3 |  3.6
Fighting       | 4 |  4.3
Armour         | |  3.9
Dodging        | |  0.1
Shields        | |  3.8

Action                     |  1- 3 |  4- 6 || total
---------------------------+-------+-------++-------
  Melee: War axe           |   122 |     7 ||   129
    Use: Potion            |       |     2 ||     2
 Armour: Scale mail        |    66 |     1 ||    67
  Dodge: Dodged            |    65 |     3 ||    68
  Block: Buckler           |    31 |       ||    31
